Cogmind - Beta 16 --- EXPLORER MODE // 2025.12.20 @ 17:25:50 // Winter2019/RPGLIKE Player: PhenomPhear Result: Self-destructed Performance ------------- Evolutions (1) 500 Regions Visited (2) 400 Robots Destroyed (44) 220 Value Destroyed (1148) 1148 Prototype IDs (12) 240 Alien Tech Used (0) 0 Bonus (148) 148 TOTAL SCORE: 2656 Bonus ------- High Alert Combat Kills 148 Cogmind --------- Core Integrity 585/600 Matter 260/300 Energy 139/140 System Corruption 0% Temperature Cool (2) Movement Hovering (56) Location -9/Materials Parts ------- > --- POWER (1) -------- Light Deuterium Engine > --- PROPULSION (2) --- Improved Hover Unit Improved Hover Unit > --- UTILITY (4) ------ Structural Scanner Terrain Scanner Light Armor Plating Hardened Light Armor Plating > --- WEAPON (2) ------- Mini Grenade Launcher Heavy Flail > --- INVENTORY (2) ---- Rocket Launcher Plasma Cutter Peak State ------------ > --- POWER ------------ Light Ion Engine > --- PROPULSION ------- Improved Hover Unit Improved Hover Unit > --- UTILITY ---------- Structural Scanner Terrain Scanner Hardened Light Armor Plating Reflective Plating > --- WEAPON ----------- Mini Grenade Launcher Heavy Flail > --- INVENTORY -------- Rocket Launcher Plasma Cutter [Rating: 17] Favorites ----------- Power Light Ion Engine Engine Light Ion Engine Propulsion Improved Hover Unit Hover Unit Improved Hover Unit Utility Terrain Scanner Device Terrain Scanner Protection Hardened Light Armor Plating Weapon Rocket Launcher Energy Cannon Beam Cannon Ballistic Gun Light Assault Rifle Launcher Rocket Launcher Special Weapon Plasma Cutter Impact Weapon Heavy Flail Build | -11 -10 -9 ------- Run | Yrd Mat Mat Slots Evolved 5 | 2 . 3 Power . | . . . Propulsion 1 | 1 . . Utility 3 | 1 . 2 Weapon 1 | . . 1 Parts Attached 21 | 3 3 15 Power 4 | 1 . 3 Engine 4 | 1 . 3 Core . | . . . Reactor . | . . . Propulsion 5 | . 1 4 Treads . | . . . Leg . | . . . Wheel . | . . . Hover 5 | . 1 4 Flight . | . . . Utility 5 | 2 . 3 Device 2 | 2 . . Storage . | . . . Processor . | . . . Hackware . | . . . Protection 3 | . . 3 Artifact . | . . . Weapon 7 | . 2 5 Energy Gun . | . . . Energy Cannon 1 | . . 1 Ballistic Gun 1 | . 1 . Ballistic Cannon . | . . . Launcher 2 | . . 2 Special Weapon 2 | . 1 1 Impact Weapon 1 | . . 1 Slashing Weapon . | . . . Piercing Weapon . | . . . Special Melee Weapon . | . . . Unidentified Prototypes . | . . . Parts Lost 1 | . . 1 Power 1 | . . 1 Propulsion . | . . . Utility . | . . . Weapon . | . . . Highest Loss Streak 1 | . . 1 To Critical Strikes . | . . . Average Backups 1 | . . 1 Power . | . . . Propulsion . | . . . Utility . | . . . Weapon . | . . . Tool/Special . | . . . Unused Backups . | . . . Power . | . . . Propulsion . | . . . Utility . | . . . Weapon . | . . . Tool/Special . | . . . Average Slot Usage (%) 91 | . 74 96 Engine 12 | . 16 10 Hover 20 | . 11 23 Device 26 | . 33 24 Protection 13 | . . 17 Energy Cannon 1 | . . 2 Ballistic Gun 2 | . 9 . Launcher 7 | . . 10 Special Weapon 1 | . 1 1 Impact Weapon 3 | . . 4 Peak Build Rating 17 | 3 5 17 Average Rating 10 | 2 4 12 On Entrance 2 | . 3 5 Avg Prop Armor Cover (%) . | . . . Naked Turns . | . . . Heaviest Build 20 | 7 8 20 Greatest Support 19 | 3 6 19 Greatest Overweight (x) 2 | 2 2 1 Average Overweight (x) . | 1 1 . Largest Inventory Capacity 2 | . . 2 Average Capacity 1 | . . 1 Most Carried 2 | . . 2 Average Carried 1 | . . 1 Final Capacity 2 | . . 2 Final Carried 2 | . . 2 Class Distribution -------------------- 34% | Hacker-Mutant 28% | Wizard-Scout 14% | Wizard-Skirmisher 7% | Hacker-Scout 7% | Wizard-Mutant 7% | Wizard-Assassin Dominant Class ---------------- Hacker-Mutant | -10/Materials Wizard-Scout | -9/Materials Resources | -11 -10 -9 ----------- Run | Yrd Mat Mat Matter Collected 938 | 173 82 683 Remotely . | . . . Salvage Created 1021 | . 44 977 Parts 81 | . 6 75 Haulers Intercepted 1 | . . 1 Recyclers Shooed 1 | . . 1 Parts Field Recycled . | . . . Retrieved Matter . | . . . Parts Self-Destructed . | . . . Prevented . | . . . Parts Restored . | . . . Kills | -11 -10 -9 ------- Run | Yrd Mat Mat Combat Hostiles Destroyed 34 | . 2 32 Guns 2 | . 2 . Cannons 5 | . . 5 AOE 27 | . . 27 Classes Destroyed 11 | . 1 10 Worker 2 | . . 2 Builder 1 | . . 1 Tunneler 1 | . . 1 Hauler 1 | . . 1 Recycler 2 | . . 2 Operator 1 | . . 1 Watcher 2 | . . 2 Swarmer 9 | . 2 7 Grunt 15 | . . 15 Brawler 2 | . . 2 Sentry 8 | . . 8 Best Kill Streak 15 | . 2 15 Combat Bots Only 11 | . 2 11 Max Kills in Single Turn 3 | . 1 3 Gunslinging . | . . . Exploded 3 | . . 3 Melee . | . . . Uniques/NPCs Destroyed . | . . . Combat | -11 -10 -9 -------- Run | Yrd Mat Mat Hostile Shots Fired 118 | . 28 90 Missed 43 | . 12 31 Hits 75 | . 16 59 Projectile 75 | . 16 59 Critical Strikes 1 | . . 1 Damage Taken 636 | . 127 509 Core 435 | . 102 333 Absorbed by Shields . | . . . Redirected to Core 307 | . 65 242 Ignored by Resistances 404 | . 82 322 Core Remaining (%) 91 | 100 83 . Volleys Fired 69 | . 11 58 Largest 1 | . 1 1 Hottest 100 | . 100 60 Shots Fired 69 | . 11 58 Gun 9 | . 9 . Cannon 11 | . . 11 Launcher 43 | . . 43 Special 6 | . 2 4 Kinetic 9 | . 9 . Thermal 17 | . 2 15 Explosive 43 | . . 43 Electromagnetic . | . . . Robot Hit Streak 31 | . 5 31 Robot Miss Streak 2 | . 1 2 Penetration Max . | . . . Secondary Targets . | . . . Shots Hit Robots 44 | . 7 37 Core Hits 72 | . 5 67 Critical Kills . | . . . Critical Parts Destroyed . | . . . Critical Strikes . | . . . Melee Attacks 1 | . . 1 Impact 1 | . . 1 Slashing . | . . . Piercing . | . . . Sneak Attacks . | . . . Combat Hostiles . | . . . Follow-up Attacks . | . . . Damage Inflicted 2570 | . 58 2512 Guns 58 | . 58 . Cannons 173 | . . 173 Explosions 2309 | . . 2309 Melee . | . . . Ramming . | . . . Kinetic 58 | . 58 . Thermal 203 | . . 203 Explosive 2309 | . . 2309 Electromagnetic . | . . . Impact . | . . . Slashing . | . . . Piercing . | . . . Highest Corruption 2 | . 2 . Average Corruption 1 | . 1 . Corruption Purged . | . . . Corruption Blocked . | . . . Overload Shots . | . . . Overflow Damage 30 | . . 30 Projectiles . | . . . Explosions 30 | . . 30 Melee . | . . . Knockbacks . | . . . Impact . | . . . Kinetic . | . . . Secondary . | . . . Self-Inflicted Damage 20 | . . 20 Shots 1 | . . 1 Rammed . | . . . Targets Rammed . | . . . Kicked . | . . . Crushed . | . . . Highest Temperature 237 | . 48 237 Average Temperature 55 | . 14 60 Received Heat Transfer 297 | . 30 267 Siege Activations . | . . . Martial Activations . | . . . Shielding Activations . | . . . Robots Disrupted . | . . . Combat Hostiles . | . . . Robots Corrupted . | . . . Combat Hostiles . | . . . Parts Fried . | . . . Impact Corruptions . | . . . Robots Melted . | . . . Combat Hostiles . | . . . Parts Melted . | . . . Heat Transferred 481 | . . 481 Parts Sabotaged . | . . . Parts Stolen . | . . . Parts Stripped . | . . . Power Chain Reactions . | . . . Alert | -11 -10 -9 ------- Run | Yrd Mat Mat Maximum Alert Level 3 | . . 3 Low Security (%) 35 | 100 100 12 Level 1 13 | . . 18 Level 2 48 | . . 65 Level 3 2 | . . 3 Level 4 . | . . . Level 5 . | . . . High Security . | . . . Max Security . | . . . Peak Influence 725 | . 50 725 Initial . | . . . Average 352 | . 5 474 Influence Increases 1300 | . 55 1245 Destroy 0b10 Robot/C 680 | . 40 640 Destroy 0b10 Robot/NC 50 | . . 50 Destroy Leader 196 | . 10 186 Successful Hack 10 | . . 10 Disable Machine 16 | . 4 12 Destroy Structure 243 | . 1 242 Lose Combat Pursuer 105 | . . 105 Influence Decreases 795 | . 55 740 Time Decay 785 | . 55 730 Lost Part 10 | . . 10 Squads Dispatched 5 | . . 5 Investigation 3 | . . 3 Extermination . | . . . Reinforcement 2 | . . 2 Assault . | . . . Garrison . | . . . Intercept . | . . . Searches Triggered . | . . . Construction Impeded . | . . . Haulers Reinforced . | . . . Active Scanning Responses . | . . . Cargo Convoy Interrupts . | . . . Stealth | -11 -10 -9 --------- Run | Yrd Mat Mat Distress Signals 8 | . 1 7 Communications Jammed . | . . . Distress Signals . | . . . Times Spotted 59 | . 11 48 Peak Tracking Total 11 | . 5 11 Tactical Retreats 3 | . . 3 Traps | -11 -10 -9 ------- Run | Yrd Mat Mat Traps Triggered 7 | . 2 5 Indirectly . | . . . Trap Hack Attempts . | . . . Triggered . | . . . Disarmed . | . . . Reprogrammed . | . . . Reused . | . . . Traps Extracted . | . . . Installed . | . . . Triggered . | . . . Machines | -11 -10 -9 ---------- Run | Yrd Mat Mat Machines Disabled 5 | . 1 4 Max in Single Turn 1 | . 1 1 Machines Repaired . | . . . Machines Dismantled . | . . . Machines Sabotaged . | . . . Overloaded Fab Kills . | . . . Hacking | -11 -10 -9 --------- Run | Yrd Mat Mat Machines Accessed 5 | . . 5 Terminals 4 | . . 4 Fabricators . | . . . Repair Stations . | . . . Recycling Units 1 | . . 1 Scanalyzers . | . . . Garrison Access . | . . . Total Hacks 31 | . . 31 Successful 20 | . . 20 Failed 11 | . . 11 Catastrophic 1 | . . 1 Database Lockouts . | . . . Manual 25 | . . 25 Terminals 30 | . . 30 Fabricators . | . . . Repair Stations . | . . . Recycling Units 1 | . . 1 Scanalyzers . | . . . Garrison Access . | . . . Terminal Hacks 19 | . . 19 Record 4 | . . 4 Prototype ID Bank 14 | . . 14 Level Access Points 1 | . . 1 Fabricator Hacks . | . . . Repair Station Hacks . | . . . Recycling Unit Hacks . | . . . Scanalyzer . | . . . Garrison Access Hacks . | . . . Unauthorized Hacks 1 | . . 1 Terminals . | . . . Fabricators . | . . . Repair Stations . | . . . Recycling Units 1 | . . 1 Reject 1 | . . 1 Scanalyzers . | . . . Garrison Access . | . . . Data Cores Recovered . | . . . Used . | . . . Hacking Detections 4 | . . 4 Full Trace Events 4 | . . 4 Feedback Events . | . . . Feedback Blocked . | . . . Robot Schematics Acquired . | . . . Robots Built . | . . . Authchips . | . . . Time . | . . . Total Robot Build Rating . | . . . Part Schematics Acquired . | . . . Parts Built . | . . . Authchips . | . . . Time . | . . . Total Part Build Rating . | . . . Part Studies Acquired . | . . . Parts Repaired . | . . . Time . | . . . Parts Recycled . | . . . Recycled Matter . | . . . Retrieved Matter . | . . . Retrieved Components . | . . . Parts Scanalyzed . | . . . Part Schematics Acquired . | . . . Parts Damaged . | . . . Bothacking | -11 -10 -9 ------------ Run | Yrd Mat Mat Used RIF Installer . | . . . Robots Hacked . | . . . Non-combat . | . . . Combat . | . . . Robot Hacks Applied . | . . . Relay Couplers Released . | . . . Fabnet Peak Effective % . | . . . Robots Rewired . | . . . Allies Hacked . | . . . Hacks Repelled . | . . . Allies | -11 -10 -9 -------- Run | Yrd Mat Mat Total Allies . | . . . Largest Group . | . . . Highest-Rated Group . | . . . Highest-Rated Ally . | . . . Total Orders . | . . . Ally Attacks . | . . . Total Damage . | . . . Kills . | . . . Allies Corrupted . | . . . Allies Melted . | . . . Intel | -11 -10 -9 ------- Run | Yrd Mat Mat Active Infowar (turns) 1409 | 40 323 1046 Terrain 1409 | 40 323 1046 Structural 1401 | 32 323 1046 Robot Analysis Total . | . . . Derelict Logs Recovered . | . . . Drone Launches . | . . . Drone Recoveries . | . . . Exploration | -11 -10 -9 ------------- Run | Yrd Mat Mat Turns Passed 1413 | 44 323 1046 Spaces Moved 1254 | 36 231 987 Core 86 | 36 50 . Treads . | . . . Legs . | . . . Wheels . | . . . Hover 1168 | . 181 987 Flight . | . . . Fastest Speed 50 | 50 120 56 Average Speed 85 | 109 126 75 Slowest Speed 150 | 150 150 120 Overloaded Moves . | . . . Propulsion Burnouts . | . . . Robots Hopped . | . . . Potential Cave-ins . | . . . Cave-ins Triggered . | . . . Exploration Rate (%) 46 | 4 47 88 Regions Visited 2 Branch Regions . Pre-discovered Areas . | . . . Known Exits Taken 2 | 1 1 . Unknown Exits Taken . | . . . Scrap Searched . | . . . Spaces Dug 11 | . . 11 Terrain Destroyed 329 | . 1 328 Melee 1 | . . 1 Projectile 1 | . 1 . AOE 327 | . . 327 Terrain Rammed . | . . . Walls Destroyed . | . . . Machines Disabled . | . . . Actions | -11 -10 -9 --------- Run | Yrd Mat Mat Total 1506 | 39 247 1220 Wait 111 | 1 . 110 Move 1252 | 35 230 987 Hop . | . . . Pick Up 5 | . . 5 Fast Attach 18 | 3 4 11 Attach 2 | . . 2 Detach . | . . . Swap 10 | . . 10 Drop 12 | . 2 10 Fire 69 | . 11 58 Melee 1 | . . 1 Ram . | . . . Kick . | . . . Crush . | . . . Escape Stasis . | . . . Rewire . | . . . Trap . | . . . Miscellaneous 26 | . . 26 Route ------- -11/Scrapyard -10/Materials (discovered 3 exits: *Mat x2 / *Sub) -9/Materials (discovered 5 exits: *Mat x3 / *Min x2) History --------- Turn | Location | Event 1 | -11/Scrapyard | Upgraded with Propulsion slot (x1) 1 | -11/Scrapyard | Upgraded with Utility slot (x1) 4 | -11/Scrapyard | Identified exit to Materials 4 | -11/Scrapyard | Discovered exit to Materials (range 16) 45 | -11/Scrapyard | Entered Materials 220 | -10/Materials | Identified exit to Materials 220 | -10/Materials | Discovered exit to Materials (range 5) 310 | -10/Materials | Build established: Hacker-Mutant 338 | -10/Materials | Identified exit to Subcaves 338 | -10/Materials | Discovered exit to Subcaves (range 16) 347 | -10/Materials | Discovered exit to Materials (range 13) 368 | -10/Materials | Entered another Materials area 370 | -9/Materials | Reached level 2 370 | -9/Materials | Reached level 3 373 | -9/Materials | Upgraded with Utility slot (x1) 399 | -9/Materials | Identified exit to Materials 547 | -9/Materials | Reached level 4 741 | -9/Materials | Identified exit to Mines 741 | -9/Materials | Discovered exit to Mines (range 13) 746 | -9/Materials | Reached level 5 749 | -9/Materials | Upgraded with Utility slot (x1) 749 | -9/Materials | Upgraded with Weapon slot (x1) 802 | -9/Materials | Destroyed 11 combat bots 1083 | -9/Materials | Reached level 6 1214 | -9/Materials | Discovered exit to Mines (range 9) 1414 | -9/Materials | Self-destructed Last Messages --------------- 01226_ U-05 Engineer lays Concrete. 01227_ G-34 Mercenary destroyed. 01227_ U-05 Engineer destroyed. 01227_ A-02 Transporter destroyed. 01228_ U-05 Engineer lays Concrete. 01234_ Acquired 1 matter. 01235_ Acquired 10 matter. 01236_ U-05 Engineer lays Concrete. 01236_ Acquired 19 matter. 01237_ U-05 Engineer lays Concrete. 01294_ U-05 Engineer builds a Wall. 01326_ Dropped Lgt. Armor Plating. 01326_ Acquired Reflective Plating. 01330_ Upgraded: KI Resistance % (+5) 01330_ Upgraded: TH Resistance % (+10) 01331_ Dropped Reflective Plating. 01333_ Acquired Reflective Plating. 01342_ Dropped Reflective Plating. 01345_ Acquired Lgt. Armor Plating. 01347_ Dropped Lgt. Ion Engine. Map ----- +----------------------------------------------------+ | ??##! # ## """"" # #### | | ??## """ # ## """"" + #### | | #?## """ # ## """"" # | | #### """ + + # | | #?## """ # ## """"" # | | #### """ ### ## """"" # ### | | #?## ### ## """"" # ## | | ?### ] ### ## # ## | | ######+######## ########### ## # | | ###### ######## ########### ### | | ###### ##### ######??### #### | | ?#??## ##### ##+######?#### #### | | #?#### #####]# ######## #### | | ###### ]=]#"" ######## #### | | #########=% %#"" ## ## #### | | # # # =]]#"T ## ## # | | # # # ]#"" !!## ## # | | # /=### =!#"" !!## ## # | | # /=# # ## ## # | | # # ######## "## # | | #] + ##+######## T # # | | # # ## * # "## # | | ####### ## # ## # | | ###### # #+#?### #### | | ###### # #%%% % | | ###### >@ # + | | ###### !%! # ! # | | ?##### # [ = # ### ###### | | ######## ### # ### # # ## | | ######## ### ! + ### ###### | | ######## #####+############+###### | | ########o##### #### ## | | # # ## ## #### " ## | | # """ # ##### #### T ## | | # "T" + % + " ## | | # # = # ## | | # # % ##+#### | | # # + | | ######## #####+##### # | | ######## ### ## #### ##### | | ######## ### """ ## + | | # # ### """ ######## | | # # ### """ #### ## | | #""" + ### #### # | | #""" # ### ######## #+#### | | #""" # ################## | | # # ################## | | ######## ################## """ | | ######## !!############## "R | | ###### !!############## """ | +----------------------------------------------------+ Best States ------------- Heat Dissipation 25 Energy Generation 14 Energy Capacity 250 Matter Stores 300 Matter Capacity 300 Sight Range 16 Robot Scan Range 16 Terrain Scan Range 14 Terrain Scan Density 510 Armor Coverage 300 Resistance: KI 40 Resistance: TH 45 Resistance: EX 35 Resistance: EM 35 Resistance: I 35 Resistance: S 35 Resistance: P 35 Evasion (%) 53 Offensive Hacking 40 Defensive Hacking 25 Item Schematics ----------------- None Robot Schematics ------------------ None Fabricated ------------ Nothing Repaired ---------- Nothing Studied --------- None Alien Tech Used ----------------- None Achievements -------------- Resistances Are Futile Challenges ------------ None RPGLIKE | -11 -10 -9 --------- Run | Yrd Mat Mat Levels Raised 5 | . . 5 XP Earned 13981 | 6000 250 7731 XP Spent 13450 | 5995 . 7455 Upgrades 35 | 14 . 21 Propulsion Slot 1 | 1 . . Utility Slot 3 | 1 . 2 Weapon Slot 1 | . . 1 Mass Support 1 | . . 1 Inventory Capacity 2 | . . 2 Sensor Range 8 | 2 . 6 Terrain Scan Density 5 | 3 . 2 Hack Attack % 4 | 2 . 2 Hack Defense % 5 | 5 . . KI Resistance % 1 | . . 1 TH Resistance % 2 | . . 2 EX Damage % 2 | . . 2 Protomatter Created 257 | . . 257 Integrity Restored 531 | . . 531 Core 420 | . . 420 Parts 111 | . . 111 Protomatter Decayed 2 | . . 2 Game ------ Seed AuthchipImpactCutter Manual? 0 Play Time 00:22:39 Cumulative 1167.9 hours Start 2025.12.15 @ 07:44:51 End 2025.12.20 @ 17:25:50 Sessions 3 Manual Loads 0 Difficulty Explorer Special Mode Winter2019/RPGLIKE Game No. 764 Rogue 715 Adventurer 6 Explorer 43 Win Type - Total 23 Types 12/1/6/4/0/0/0/0/0/0 Lore% 68 Gallery% 77 Achievement% 56 Wizard Run 0 Options --------- Layout 2 ASCII 0 Keyboard 0 Movement Mouse Keybinds 0 Fullscreen 2 Font 48/Smallcaps Map View 50x44 Zoom Use 0% Tactical HUD 1 Map Filters NONE Filters NONE Steam 1 RUN: 56fa328a-939e-4bfc-9a6d-527f5ba2c18d